 Dungeon Crawl Stone Soup version 0.26-a0-478-g6c97825307 (webtiles) character file.

Game seed: 7001393337712768191

12670 Infinimo the Destroyer (level 11, 0/153 HPs)
             Began as a Hill Orc Conjurer on Aug 1, 2020.
             Was an Initiate of Gozag.
             Slain by a vampire (1 damage)
             ... on level 11 of the Dungeon.
             The game lasted 00:17:04 (18097 turns).

Infinimo the Destroyer (Hill Orc Conjurer)         Turns: 18097, Time: 00:17:04

Health: 0/153      AC: 11    Str: 17    XL:     11   Next: 97%
Magic:  0/22       EV: 12    Int: 21    God:    Gozag
Gold:   2023       SH:  0    Dex: 12    Spells: 19/24 levels left

rFire    + . .     SeeInvis .   A - +11 spear of Qebamn {vamp, rF+ rC+ MR+ Dex+3}
rCold    + . .     Faith    .   (no shield)
rNeg     . . .     Spirit   +   a - +0 robe
rPois    .         Reflect  .   h - +0 helmet
rElec    .         Harm     .   (no cloak)
rCorr    .                      q - +2 pair of gloves
MR       +....                  e - +0 pair of boots
Stlth    ..........             y - amulet of guardian spirit
HPRegen  0.35/turn              w - +4 ring of protection
MPRegen  0.18/turn              i - +6 ring of strength

@: berserking (expiring), very quick
A: no striking features
a: Potion Petition, Call Merchant, Bribe Branch, Renounce Religion


You were on level 11 of the Dungeon.
You worshipped Gozag.
Gozag was most pleased with you.
You visited 2 branches of the dungeon, and saw 12 of its levels.
You also visited: Sewer.

You collected 2179 gold pieces.
You paid 156 gold pieces to Gozag.

Inventory:

Hand Weapons
 A - the +11 spear of Qebamn (weapon) {vamp, rF+ rC+ MR+ Dex+3}
   (You found it on level 5 of the Dungeon)

   It inflicts no extra harm, but heals its wielder when it wounds a living foe.
   It affects your dexterity (+3).
   It protects you from fire.
   It protects you from cold.
   It affects your resistance to hostile enchantments.
Armour
 a - a +0 robe (worn)
 e - a +0 pair of boots (worn)
 h - a +0 helmet (worn)
 q - a +2 pair of gloves (worn)
Jewellery
 f - an uncursed ring of resist corrosion
 i - a +6 ring of strength (right hand)
 j - an uncursed ring of positive energy
 w - a +4 ring of protection (left hand)
 y - an amulet of guardian spirit (around neck)
Wands
 s - a wand of disintegration (11)
Scrolls
 d - 3 scrolls of enchant weapon
 g - 7 scrolls of remove curse
 p - a scroll of random uselessness
 r - 2 scrolls of amnesia
 z - a scroll of holy word
 C - 2 scrolls of identify
Potions
 b - a potion of might
 c - a potion of mutation
 l - a potion of resistance
 m - 4 potions of lignification
 o - 2 potions of stabbing
 t - a potion of cancellation
 v - a potion of flight
 B - a potion of brilliance {unknown}
 D - a potion of berserk rage


   Skills:
 + Level 11.1 Fighting
 - Level 1.5 Dodging
 - Level 1.5 Stealth
 + Level 7.4 Spellcasting
 * Level 13.4 Conjurations


You had 19 spell levels left.
You knew the following spells:

 Your Spells              Type           Power        Failure   Level
a - Magic Dart            Conj           ####         1%          1
b - Iskenderun's Mystic   Conj/Tloc      #####...     5%          4

Your spell library contained the following spells:

 Spells                   Type           Power        Failure   Level
 Shock                    Conj/Air       ####         1%          1
 Searing Ray              Conj           ######       1%          2
 Dazzling Flash           Conj/Hex       #####.       1%          3
 Static Discharge         Conj/Air       #####...     1%          3
 Mephitic Cloud           Conj/Pois/Air  ####....     4%          3
 Fulminant Prism          Conj/Hex       #####.....   5%          4
 Corona                   Hex            #......      9%          1
 Sting                    Tmut/Pois      #...         9%          1
 Ensorcelled Hibernation  Hex/Ice        #.....       13%         2
 Poisonous Vapours        Pois/Air       #.....       13%         2
 Slow                     Hex            #.......     13%         2
 Swiftness                Air            #.......     13%         2
 Lightning Bolt           Conj/Air       #####.....   14%         5
 Confusing Touch          Hex            #.......     26%         3
 Ignite Poison            Fire/Tmut/Pois #.......     26%         3
 Inner Flame              Hex/Fire       #.......     26%         3
 Portal Projectile        Hex/Tloc       #.....       26%         3
 Tukima's Dance           Hex            #.......     26%         3
 Airstrike                Air            #.........   63%         4
 Cause Fear               Hex            #.........   63%         4
 Leda's Liquefaction      Hex/Erth       #.........   63%         4
 Olgreb's Toxic Radiance  Pois           #.......     63%         4


Dungeon Overview and Level Annotations

Branches:
Dungeon (11/15)            Temple (1/1) D:6            Lair (0/6) D:9
    Orc (0/2) D:10          Sewer (visited)

Altars:
Ashenzari
Cheibriados
Dithmenos
Elyvilon
Fedhas
Gozag
Hepliaklqana
Kikubaaqudgha
Makhleb
Nemelex Xobeh
Okawaru
Qazlal
Ru
Sif Muna
Trog
Uskayaw
Vehumet
Wu Jian
Xom
Yredelemnul
Zin
The Shining One


Message History

The vampire draws strength from your injuries!
Okay, then.
A red film seems to cover your vision as you go berserk!
You feel yourself moving faster!
You feel mighty! The vampire hits you.
* * * LOW HITPOINT WARNING * * *
You puncture the vampire! The vampire bites you!
* * * LOW HITPOINT WARNING * * *
The vampire draws strength from your injuries!
The vampire is infused with unholy energy.
* * * LOW HITPOINT WARNING * * *
The vampire draws life force from you and is healed!
The vampire hits you.
* * * LOW HITPOINT WARNING * * *
The vampire bites you.
* * * LOW HITPOINT WARNING * * *
The vampire draws strength from your injuries!
You puncture the vampire! You puncture the vampire! The vampire bites you.
You die...
Your body crumbles into a pile of gold.

........................
........................
........................
.......#####............
.......# #.........(..
....)..# #.....<......
.......# #......######
... ...#####....V.# ##.
........<...@.#
............$.#
########......#
#......######
#...........#
#.[.........#
#.######..### #.# ..#
...# #.# ..#


You could see a vampire.

Vanquished Creatures
  3 two-headed ogres
  An ugly thing (D:11)
  2 manticores
  2 centaur zombies (D:11)
  A gargoyle (D:10)
  A troll (D:11)
  Grinder (D:3)
  3 hippogriffs
  A shadow (D:11)
  A wraith (D:8)
  9 yaks (D:10)
  7 orc warriors
  2 ice beasts
  4 sky beasts
  Purgy (Sewer)
  12 ogres
  An eye of draining (D:11)
  3 black bears
  8 centaurs
  4 big kobolds
  6 bullfrogs
  A scorpion (D:11)
  A wyvern skeleton (D:7)
  3 wights (D:6)
  2 howler monkeys (D:8)
  3 electric eels (D:9)
  A bullfrog zombie (D:6)
  2 gnoll shamans
  7 hounds
  2 jellies
  8 orc priests
  A bullfrog skeleton (D:9)
  2 iguanas
  15 orc wizards
  8 worker ants
  A killer bee zombie (D:7)
  2 hound zombies
  2 hound skeletons
  12 gnolls
  11 adders
  A river rat (D:4)
  2 shadow imps
  2 white imps
  2 ufetubi
  2 oozes
  3 worms
  3 dart slugs
  3 leopard geckos
  50 orcs
  3 giant cockroaches
  14 goblins
  8 hobgoblins
  10 jackals
  24 kobolds
  4 quokkas
  A ball python (D:1)
  16 bats
  5 frilled lizards
  A leopard gecko skeleton (D:5)
  10 rats
321 creatures vanquished.

Vanquished Creatures (others)
  An orc wizard (D:5)
1 creature vanquished.

Grand Total: 322 creatures vanquished

Notes
Turn   | Place    | Note
-------+----------+-------------------------------------------
     0 | D:1      | Infinimo the Hill Orc Conjurer began the quest for the Orb.
     0 | D:1      | Reached XP level 1. HP: 14/14 MP: 3/3
   134 | D:1      | Reached XP level 2. HP: 22/22 MP: 0/4
   206 | D:1      | Reached skill level 1 in Fighting
   679 | D:1      | Reached XP level 3. HP: 28/28 MP: 1/5
  1480 | D:2      | Found a faded altar of an unknown god.
  1716 | D:2      | Reached XP level 4. HP: 36/36 MP: 5/7
  2391 | D:2      | Reached skill level 5 in Conjurations
  2725 | D:3      | Noticed a big kobold
  2761 | D:3      | Killed a big kobold
  2761 | D:3      | Reached XP level 5. HP: 40/42 MP: 8/8
  3718 | D:3      | Reached XP level 6. HP: 51/51 MP: 6/9
  4559 | D:4      | Found a glowing drain.
  4561 | D:4      | Noticed Grinder
  4562 | D:4      | Paralysed by Grinder for 7 turns
  4580 | D:3      | Paralysed by Grinder for 6 turns
  4595 | D:3      | Paralysed by Grinder for 5 turns
  4605 | D:3      | Killed Grinder
  4605 | D:3      | Reached skill level 6 in Conjurations
  4605 | D:3      | Reached XP level 7. HP: 24/59 MP: 0/11
  4921 | Sewer    | Entered a sewer
  5013 | Sewer    | Noticed Purgy
  5022 | Sewer    | Killed Purgy
  5216 | D:4      | Found a snail-covered altar of Cheibriados.
  5235 | D:4      | Reached skill level 7 in Conjurations
  5657 | D:4      | Reached XP level 8. HP: 67/67 MP: 7/13
  5735 | D:4      | Reached skill level 5 in Fighting
  6036 | D:4      | Learned a level 4 spell: Iskenderun's Mystic Blast
  6107 | D:5      | Entered Level 5 of the Dungeon
  6558 | D:5      | Reached skill level 8 in Conjurations
  7967 | D:5      | Got a faintly glowing spear
  7968 | D:5      | Identified the +11 spear of Qebamn {vamp, rF+ rC+ MR+
                  | Dex+3} (You found it on level 5 of the Dungeon)
  8038 | D:6      | Noticed a two-headed ogre
  8222 | D:6      | Reached XP level 9. HP: 75/78 MP: 13/15
  8306 | D:6      | Found a staircase to the Ecumenical Temple.
  8376 | Temple   | Entered the Ecumenical Temple
  8487 | Temple   | Became a worshipper of Gozag Ym Sagoz the Greedy
  8574 | D:6      | Reached skill level 9 in Conjurations
  8957 | D:6      | Killed a two-headed ogre
  8957 | D:6      | Reached skill level 5 in Spellcasting
  9311 | D:6      | Reached skill level 10 in Conjurations
  9437 | D:6      | Found an iron altar of Okawaru.
 10534 | D:6      | Reached XP level 10. HP: 88/88 MP: 16/18
 11462 | D:7      | Reached skill level 11 in Conjurations
 11645 | D:7      | Got a glimmering leather armour
 11656 | D:7      | Identified the +1 leather armour "Rissymya" {-Cast Int+5}
                  | (You found it on level 7 of the Dungeon)
 11991 | D:8      | Found a shattered altar of Ashenzari.
 13316 | D:9      | Found a staircase to the Lair.
 13510 | D:9      | Found a snail-covered altar of Cheibriados.
 13512 | D:9      | Found a white marble altar of Elyvilon.
 13601 | D:9      | Found a radiant altar of Vehumet.
 13854 | D:10     | Entered Level 10 of the Dungeon
 14112 | D:10     | Reached skill level 12 in Conjurations
 14112 | D:10     | Reached XP level 11. HP: 89/99 MP: 14/20
 14261 | D:10     | Noticed a two-headed ogre
 14272 | D:10     | Killed a two-headed ogre
 14272 | D:10     | Reached skill level 10 in Fighting
 14517 | D:10     | Noticed a manticore
 14899 | D:10     | Killed a manticore
 15534 | D:10     | Found a staircase to the Orcish Mines.
 15788 | D:10     | Got a steaming ring mail
 15799 | D:10     | Identified the +4 ring mail "Onnuwkac" {-Cast Harm Regen+
                  | Int+2} (You found it on level 10 of the Dungeon)
 15976 | D:11     | Noticed a two-headed ogre
 15992 | D:11     | Killed a two-headed ogre
 16334 | D:11     | Noticed a red ugly thing
 16351 | D:11     | Killed a red ugly thing
 16351 | D:11     | Reached skill level 13 in Conjurations
 16856 | D:11     | Noticed a manticore
 17999 | D:11     | Killed a manticore
 18094 | D:11     | HP: 5/153 [vampire/vampiric draining (10)]
 18095 | D:11     | HP: 2/153 [vampire (3)]
 18097 | D:11     | Slain by a vampire

Illustrated notes

Levels and vault maps discovered:
D:1:      minmay_arrival_checkered_box, layout_loops_cross, minmay_box_of_dots
D:2:      minmay_spotlight, layout_loops_cross,
          chequers_ecumenical_altar_simple_redux, small_statue_intersection
D:3:      cheibrodos_thug_alley, layout_basic
D:4:      layout_rooms, cheibrodos_sewer_entry_sluice, lemuel_tele_altar,
          uniq_grinder
D:5:      layout_loops_cross
D:6:      cheibrodos_quashed, layout_layer_cave, marbit_many_paths,
          temple_green, solitary_fountain, lexackson_kobold_supper
D:7:      layout_cave_pools, roderic_roman_lattice, minmay_crystal_room
D:8:      layout_basic, cheibrodos_ashenzari_chains, st_stairs_4,
          lemuel_another_geyser
D:9:      layout_roguey, nicolae_overflow_hidden_temple,
          lemuel_coloured_pillars_altar, lair_entry_dummy, serial_bayou,
          serial_bayou_crossing, serial_bayou_pond_a, serial_bayou_lake_a,
          serial_bayou_pond_a
D:10:     layout_roguey, david_orc_4, minmay_misc_feat_encased
D:11:     layout_irregular_city, enter_bailey_3
Temple:   minmay_crystal_spiral_temple

Skill      XL: |  1  2  3  4  5  6  7  8  9 10 11 |
---------------+----------------------------------+-----
Fighting       | 1 2 3 4 6 8 9 11 | 11.1
Spellcasting   | 2 3 4 5 6 7 |  7.4
Conjurations   | 5 6 7 8 10 12 13 | 13.4
Dodging        | |  1.5
Stealth        | |  1.5

Action                   |  1- 3 |  4- 6 |  7- 9 | 10-12 || total
-------------------------+-------+-------+-------+-------++-------
Melee: Club              |     2 |       |       |       ||     2
       Unarmed           |     2 |       |       |       ||     2
       Dagger            |    16 |    51 |    58 |       ||   125
       Spear             |       |       |   130 |   621 ||   751
 Cast: Magic Dart        |    69 |   101 |   265 |    19 ||   454
  Use: Scroll            |     4 |     6 |     3 |    10 ||    23
       Potion            |       |     5 |     1 |     4 ||    10
 Stab: Distracted        |     1 |       |       |     6 ||     7
       Sleeping          |       |       |     1 |     1 ||     2
Armor: Robe              |     1 |    22 |    97 |   256 ||   376
Dodge: Dodged            |    15 |    34 |   137 |   362 ||   548

Table legend: (Time is in decaauts)
 A = Elapsed time spent in this place.
 B = Non-inter-level travel time spent in this place.
 C = Inter-level travel time spent in this place.
 D = Time resting spent in this place.
 E = Time spent auto-exploring this place.
 F = Levels seen in this place.
 G = Mean time per level.
                   A        B        C        D        E       F      G
               +--------+--------+--------+--------+--------+-----+--------+
         Total |  18245 |  17558 |    687 |   1473 |  13538 |  13 | 1403.5 |
       Dungeon |  17859 |  17257 |    602 |   1473 |  13263 |  11 | 1623.5 |
        Temple |    170 |     85 |     85 |      0 |     84 |   1 |  170.0 |
         Sewer |    214 |    214 |      0 |      0 |    191 |   1 |  214.0 |
               +--------+--------+--------+--------+--------+-----+--------+

Top non-repeatable levels by time:
    D:10: 2367 daAuts
     D:6: 2346 daAuts
     D:3: 2262 daAuts
     D:5: 2053 daAuts
     D:9: 1806 daAuts
     D:2: 1473 daAuts
    D:11: 1346 daAuts
     D:1: 1088 daAuts
     D:4: 1077 daAuts
     D:7: 1037 daAuts
     D:8: 999 daAuts
   Sewer: 214 daAuts
  Temple: 170 daAuts
